 Dungeon Crawl Stone Soup version 0.24-a0-525-g9231cdcba1 (webtiles) character file.

Game seed: 14483776011702004826

109 Carillon the Digger (level 4, -5/24 HPs)
             Began as a Gargoyle Earth Elementalist on Aug 1, 2019.
             Slain by an orc warrior
             ... wielding a +0 broad axe of chopping
              (6 damage)
             ... on level 3 of the Dungeon.
             The game lasted 00:15:08 (1779 turns).

Carillon the Digger (Gargoyle Earth Elementalist)   Turns: 1779, Time: 00:15:11

Health: -5/24      AC:  6    Str: 11    XL:     4   Next: 90%
Magic:  2/8        EV: 12    Int: 17    God:
Gold:   32         SH:  0    Dex: 10    Spells: 2/8 levels left

rFire    . . .     SeeInvis .   a - +0 whip
rCold    . . .     Gourm    .   (no shield)
rNeg     + . .     Faith    .   c - +0 robe
rPois    ∞         Spirit   .   (no helmet)
rElec    +         Reflect  .   (no cloak)
rCorr    .         Harm     .   (no gloves)
MR       +....                  e - +0 pair of boots
Stlth    +++.......             (no amulet)
HPRegen  0.08/turn              b - ring of stealth
MPRegen  0.11/turn              g - ring of protection from magic

@: no status effects
A: negative energy resistance 1, electricity resistance, unbreathing,
petrification resistance, rot immunity, AC +3
a: no special abilities


You were on level 3 of the Dungeon.
You were not hungry.

You visited 1 branch of the dungeon, and saw 3 of its levels.

You collected 32 gold pieces.

Inventory:

Hand Weapons
 a - a +0 whip (weapon)
Missiles
 o - 38 stones (quivered)
Armour
 c - a +0 robe (worn)
 e - a +0 pair of boots (worn)
Jewellery
 b - a ring of stealth (left hand)
 g - a ring of protection from magic (right hand)
Scrolls
 f - 2 scrolls of remove curse
 h - a scroll of teleportation {unknown}
 i - a scroll of random uselessness {unknown}
 j - a scroll of noise {unknown}
 l - 2 scrolls of identify
Potions
 m - a potion of haste
 n - a potion of degeneration {unknown}
Comestibles
 d - 3 rations
 k - 4 chunks of flesh


   Skills:
 - Level 1.5 Dodging
 - Level 2.1 Stealth
 + Level 2.9 Spellcasting
 + Level 1.5 Conjurations
 - Level 2.0 Transmutations
 + Level 4.6 Earth Magic


You had 2 spell levels left.
You knew the following spells:

 Your Spells              Type           Power        Failure   Level  Hunger
a - Sandblast             Erth           ###...       2%          1    #......
b - Stone Arrow           Conj/Erth      ##....       16%         3    ###....
g - Passwall              Tmut/Erth      ##......     7%          2    ##.....

Your spell library contained the following spells:

 Spells                   Type           Power        Failure   Level  Hunger
 Petrify                  Tmut/Erth      ##......     41%         4    #####..
 Lee's Rapid Deconstruct  Erth           ###.......   58%         5    ######.


Dungeon Overview and Level Annotations

Branches:
Dungeon (3/15)

Altars:
Fedhas
Qazlal
Xom

Annotations:
D:3 Ijyb


Innate Abilities, Weirdness & Mutations

You are resistant to torment.
Your stone body is resilient. (AC +3)
You are immune to poison.
You resist negative energy. (rN+)
You are resistant to electric shocks. (rElec)
You can survive without breathing.
You are immune to petrification.
You are immune to rotting.


Message History

Confirm with . or Enter, or press ? or * to list all spells.
Aiming: Sandblast (safe; 2% risk of failure)
Press: ? - help, Shift-Dir - straight line, f/p - orc
Aim: an orc, wielding a +0 mace and wearing a +0 chain mail The blast of sand hits the orc warrior but does no damage.
The orc warrior is lightly wounded.
o - 39 stones The orc warrior hits you but does no damage.
Casting: Sandblast (safe; 2% risk of failure)
Confirm with . or Enter, or press ? or * to list all spells.
Aiming: Sandblast (safe; 2% risk of failure)
Press: ? - help, Shift-Dir - straight line, f/p - orc
Aim: an orc, wielding a +0 mace and wearing a +0 chain mail The blast of sand hits the orc warrior but does no damage.
The orc warrior is lightly wounded.
o - 38 stones The orc warrior hits you with a +0 broad axe of chopping!
Ouch! That really hurt!
* * * LOW HITPOINT WARNING * * *
You die...

.........#
#.#...^^....# #.#.#
########<#
###.#.........####....
#.#
#......#..###...([(...
#.# #.#.#....##
#######... #.#
#.#)#..### #.. #.# #
#.#..# .. #.# #)#..# .
#.# #....# . #.# #
###@## #. #o# ##.###o#
#......# #.###.#######
#).o.o..# #.#####.#
..# ##.#


You could see an orc warrior and an orc.

Vanquished Creatures
  3 gnolls (D:2)
  2 adders
  An ooze (D:1)
  A worm (D:3)
  2 dart slugs (D:1)
  2 leopard geckos
  4 orcs (D:3)
  4 bats
  3 giant cockroaches
  2 goblins
  4 hobgoblins
  3 jackals
  A kobold (D:3)
  7 frilled lizards
  10 rats
49 creatures vanquished.

Notes
Turn   | Place    | Note
-------+----------+-------------------------------------------
     0 | D:1      | Carillon the Gargoyle Earth Elementalist began the quest
                  | for the Orb.
     0 | D:1      | Reached XP level 1. HP: 10/10 MP: 3/3
   253 | D:1      | Reached skill level 4 in Earth Magic
   253 | D:1      | Reached XP level 2. HP: 11/15 MP: 3/5
   260 | D:1      | Learned a level 2 spell: Passwall
   503 | D:1      | Reached skill level 1 in Transmutations
   681 | D:1      | Reached XP level 3. HP: 19/19 MP: 4/6
   686 | D:1      | Learned a level 3 spell: Stone Arrow
   949 | D:2      | Found a stormy altar of Qazlal.
  1172 | D:2      | Reached XP level 4. HP: 22/24 MP: 0/8
  1332 | D:2      | Reached skill level 1 in Conjurations
  1474 | D:2      | Found a blossoming altar of Fedhas.
  1629 | D:3      | Found a shimmering altar of Xom.
  1687 | D:3      | Noticed Ijyb
  1760 | D:3      | Noticed an orc warrior
  1779 | D:3      | HP: 1/24 [orc warrior/+0 broad axe of chopping (17)]
  1779 | D:3      | Slain by an orc warrior

Levels and vault maps discovered:
D:1:      lemuel_arrival_tunnels, layout_loops_corners
D:2:      layout_rooms, fedhas_altar_4, old_standard_altar, minmay_bisected
D:3:      layout_loops_ring, xom_teletrap_fun, lemuel_crystal_altar,
          lightli_sewer_entry_pipes, uniq_ijyb

Skill      XL: |  1  2  3  4 |
---------------+-------------+-----
Earth Magic    | 4 |  4.6
Transmutations | 1 2 |  2.0
Conjurations   | 1 |  1.5
Dodging        | |  1.5
Stealth        | |  2.1
Spellcasting   | |  2.9

Action                   |  1- 3 |  4- 6 || total
-------------------------+-------+-------++-------
Melee: Unarmed           |    55 |       ||    55
       Whip              |     9 |   113 ||   122
 Cast: Sandblast         |    29 |    12 ||    41
  Use: Scroll            |     2 |     2 ||     4
 Stab: Sleeping          |     2 |     1 ||     3
  Eat: Chunk             |     1 |     2 ||     3
Armor: Robe              |    34 |    49 ||    83
Dodge: Dodged            |    51 |    97 ||   148

Table legend:
 A = Non-vault XP
 B = Vault XP
 C = Vault XP percentage of total XP
 D = Non-vault monster count
 E = Vault monster count
 F = Vault count percentage of total count
                 A         B        C        D         E       F
            +---------+---------+-------+---------+---------+-------
      Total |     153 |       4 |   2.5 |      46 |       3 |   6.1
            +---------+---------+-------+---------+---------+-------
        D:1 |      38 |       0 |   0.0 |      18 |       0 |   0.0
        D:2 |      73 |       4 |   5.2 |      16 |       3 |  15.8
        D:3 |      42 |       0 |   0.0 |      12 |       0 |   0.0
            +---------+---------+-------+---------+---------+-------
